SAA
BETHESDA ATOMS @ LONG ISLAND SEAWOLVES
06/24/2034
 
TOP OF THE 1ST
Bethesda Atoms batting - Pitching for Long Island Seawolves : RHP David Perkins
Pitching: RHP David Perkins
Batting: LHB Manuel Márquez 0-0: Ball
1-0: Foul Ball, location: 2F
1-1: Called Strike
1-2: Foul Ball, location: 2F
1-2: Foul Ball, location: 2F
1-2: SINGLE (Line Drive, 4M)
Batting: RHB Enrique Ibarra 0-0: Ball
Manuel Márquez steals 2nd base
1-0: Called Strike
1-1: Swinging Strike
1-2: Foul Ball, location: 2F
1-2: Ball
2-2: Ball
3-2: Foul Ball, location: 2F
3-2: Ground out 4-3 (Groundball, 4M)
Manuel Márquez to third
Batting: LHB Thierry Honoré 0-0: Ball
1-0: DOUBLE (Line Drive, 9D)
Manuel Márquez scores
Batting: LHB Gong Mao 0-0: Swinging Strike
0-1: Ball
1-1: Swinging Strike
1-2: Foul Ball, location: 2F
1-2: Ball
2-2: Ball
3-2: Base on Balls
Batting: LHB Pedro Corona 0-0: Ball
1-0: Ball
2-0: Ball
3-0: Base on Balls
Thierry Honoré to third
Gong Mao to second
Batting: LHB Sandor Addicks 0-0: Ball
1-0: Fly out, F8 (Flyball, 8RXD)
Runner from 3rd tags up, SCORES, no throw
Gong Mao to third
Batting: RHB Bartolo Rosas 0-0: Foul Ball, location: 2F
0-1: Ball
1-1: Called Strike
1-2: Fly out, F9 (Flyball, 89S)
Top of the 1st over - 2 runs, 2 hits, 0 errors, 2 left on base; Bethesda 2 - Long Island 0
BOTTOM OF THE 1ST
Long Island Seawolves batting - Pitching for Bethesda Atoms : LHP Dennis Bly
Pitching: LHP Dennis Bly
Batting: SHB Cheong-hun Kang 0-0: Called Strike
0-1: Ball
1-1: Ball
2-1: Fly out, F6 (Line Drive, 6)
Batting: RHB Taua Naituyaga 0-0: Ball
1-0: Swinging Strike
1-1: Swinging Strike
1-2: Fly out, F9 (Flyball, 89S)
Batting: RHB John Shultz 0-0: Ball
1-0: Called Strike
1-1: Ground out 5-3 (Groundball, 56S)
Bottom of the 1st over - 0 runs, 0 hits, 0 errors, 0 left on base; Bethesda 2 - Long Island 0
TOP OF THE 2ND
Bethesda Atoms batting - Pitching for Long Island Seawolves : RHP David Perkins
Batting: RHB Raúl Francisco 0-0: Ball
1-0: Ball
2-0: Fly out, F5 (Line Drive, 5)
Batting: RHB Vic Richards 0-0: Ball
1-0: Ball
2-0: Called Strike
2-1: Foul Ball, location: 2F
2-2: Ground out 6-3 (Groundball, 6)
Batting: LHB Manuel Márquez 0-0: Ball
1-0: Ball
2-0: Ball
3-0: Base on Balls
Batting: RHB Enrique Ibarra 0-0: Called Strike
0-1: Ball
1-1: Ground out 3-1 (Groundball, 34S)
Top of the 2nd over - 0 runs, 0 hits, 0 errors, 1 left on base; Bethesda 2 - Long Island 0
BOTTOM OF THE 2ND
Long Island Seawolves batting - Pitching for Bethesda Atoms : LHP Dennis Bly
Batting: RHB Jorge Rodríguez 0-0: Called Strike
0-1: Ball
1-1: Ball
2-1: Ball
3-1: Base on Balls
Batting: RHB John Mayasich 0-0: Ball
1-0: Ball
2-0: Fly out, F7 (Flyball, 7D)
Batting: RHB Nigel Sturges 0-0: Ball
Jorge Rodríguez is caught stealing 2nd base
1-0: Ball
2-0: Ball
3-0: Base on Balls
Batting: RHB Javier De La Garza 0-0: Swinging Strike
0-1: Called Strike
0-2: Ball
1-2: Foul Ball, location: 2F
1-2: Ball
2-2: Foul Ball, location: 2F
2-2: Strikes out swinging
Bottom of the 2nd over - 0 runs, 0 hits, 0 errors, 1 left on base; Bethesda 2 - Long Island 0
TOP OF THE 3RD
Bethesda Atoms batting - Pitching for Long Island Seawolves : RHP David Perkins
Batting: LHB Thierry Honoré 0-0: Called Strike
0-1: Foul Ball, location: 2F
0-2: Ball
1-2: Ball
2-2: Ball
3-2: SINGLE (Groundball, 4MD)
Batting: LHB Gong Mao 0-0: Ball
1-0: Ball
2-0: Ball
3-0: Called Strike
3-1: Swinging Strike
3-2: Fly out, F9 (Line Drive, 89M)
Batting: LHB Pedro Corona 0-0: Swinging Strike
0-1: Ball
1-1: Grounds into double play, 4-6-3 (Groundball, 4)
Top of the 3rd over - 0 runs, 1 hit, 0 errors, 0 left on base; Bethesda 2 - Long Island 0
BOTTOM OF THE 3RD
Long Island Seawolves batting - Pitching for Bethesda Atoms : LHP Dennis Bly
Batting: RHB Domingo Morín 0-0: Swinging Strike
0-1: Foul Ball, location: 2F
0-2: Foul Ball, location: 2F
0-2: Foul Ball, location: 2F
0-2: Foul Ball, location: 2F
0-2: Foul Ball, location: 2F
0-2: Strikes out swinging
Batting: SHB Mick Chaundy 0-0: Ball
1-0: Called Strike
1-1: Foul Ball, location: 2F
1-2: Ball
2-2: Fly out, F4 (Popup, 34S)
Batting: SHB Cheong-hun Kang 0-0: Swinging Strike
0-1: Foul Ball, location: 2F
0-2: Strikes out looking
Bottom of the 3rd over - 0 runs, 0 hits, 0 errors, 0 left on base; Bethesda 2 - Long Island 0
TOP OF THE 4TH
Bethesda Atoms batting - Pitching for Long Island Seawolves : RHP David Perkins
Batting: LHB Sandor Addicks 0-0: Called Strike
0-1: Ball
1-1: SINGLE (Flyball, 9S)
Batting: RHB Bartolo Rosas 0-0: Ball
1-0: Swinging Strike
1-1: Fielders Choice at 2nd, 1-4 (Groundball, 15S)
Batting: RHB Raúl Francisco 0-0: Called Strike
0-1: Ball
1-1: Grounds into double play, 6-4-3 (Groundball, 6)
Top of the 4th over - 0 runs, 1 hit, 0 errors, 0 left on base; Bethesda 2 - Long Island 0
BOTTOM OF THE 4TH
Long Island Seawolves batting - Pitching for Bethesda Atoms : LHP Dennis Bly
Batting: RHB Taua Naituyaga 0-0: Called Strike
0-1: Ball
1-1: Ball
2-1: Foul Ball, location: 2F
2-2: Ball
3-2: Foul Ball, location: 2F
3-2: Base on Balls
Batting: RHB John Shultz 0-0: DOUBLE (Line Drive, 8LD)
Taua Naituyaga to third
Batting: RHB Jorge Rodríguez 0-0: Ball
1-0: Ball
2-0: Ball
3-0: Base on Balls
Batting: RHB John Mayasich 0-0: Ball
1-0: Ball
2-0: Called Strike
2-1: Ball
3-1: Called Strike
3-2: Foul Ball, location: 2F
3-2: Strikes out looking
Batting: RHB Nigel Sturges 0-0: SINGLE (Flyball, 8LS)
Taua Naituyaga scores
John Shultz to third
Jorge Rodríguez to second
Batting: RHB Javier De La Garza 0-0: Ball
1-0: Foul Ball, location: 2F
1-1: Fly out, F7 (Flyball, 7S)
Batting: RHB Domingo Morín 0-0: Fly out, F6 (Popup, 56)
Bottom of the 4th over - 1 run, 2 hits, 0 errors, 3 left on base; Bethesda 2 - Long Island 1
TOP OF THE 5TH
Bethesda Atoms batting - Pitching for Long Island Seawolves : RHP David Perkins
Batting: RHB Vic Richards 0-0: Ground out 5-3 (Groundball, 56S)
Batting: LHB Manuel Márquez 0-0: Foul Ball, location: 2F
0-1: Swinging Strike
0-2: Ball
1-2: Strikes out swinging
Batting: RHB Enrique Ibarra 0-0: Called Strike
0-1: Ball
1-1: Swinging Strike
1-2: Fly out, F4 (Line Drive, 4)
Top of the 5th over - 0 runs, 0 hits, 0 errors, 0 left on base; Bethesda 2 - Long Island 1
BOTTOM OF THE 5TH
Long Island Seawolves batting - Pitching for Bethesda Atoms : LHP Dennis Bly
Batting: SHB Mick Chaundy 0-0: Ball
1-0: SOLO HOME RUN (Flyball, 7LD), Distance : 333 ft
Batting: SHB Cheong-hun Kang 0-0: Ground out 5-3 (Groundball, 56)
Batting: RHB Taua Naituyaga 0-0: SINGLE (Groundball, 56D)
Batting: RHB John Shultz 0-0: Grounds into double play, 6-4-3 (Groundball, 6)
Bottom of the 5th over - 1 run, 2 hits, 0 errors, 0 left on base; Bethesda 2 - Long Island 2
TOP OF THE 6TH
Bethesda Atoms batting - Pitching for Long Island Seawolves : RHP David Perkins
Batting: LHB Thierry Honoré 0-0: Ball
1-0: Swinging Strike
1-1: SINGLE (Groundball, 34D)
Batting: LHB Gong Mao 0-0: Called Strike
0-1: Foul Ball, location: 2F
0-2: DOUBLE (Line Drive, 9LM)
Thierry Honoré to third
Runner from 3rd tries for Home, SAFE, no throw
Batting: LHB Pedro Corona 0-0: Ground out 5-3 (Groundball, 56)
Batting: LHB Sandor Addicks 0-0: Intentional Walk
Batting: RHB Bartolo Rosas 0-0: Swinging Strike
0-1: Swinging Strike
0-2: SINGLE (Groundball, 6M) (infield hit)
Gong Mao to third
Sandor Addicks to second
Pinch Runner at 1st Jorge Ortíz:
Batting: RHB Raúl Francisco 0-0: Fly out, F2 (Popup, 2LF)
Batting: RHB Vic Richards 0-0: Ball
1-0: Ball
2-0: Called Strike
2-1: Swinging Strike
2-2: Ball
3-2: Fly out, F7 (Flyball, 78S)
Top of the 6th over - 1 run, 3 hits, 0 errors, 3 left on base; Bethesda 3 - Long Island 2
BOTTOM OF THE 6TH
Long Island Seawolves batting - Pitching for Bethesda Atoms : LHP Dennis Bly
Now in LF: Jorge Ortíz
Batting: RHB Jorge Rodríguez 0-0: Foul Ball, location: 2F
0-1: Fly out, F4 (Popup, 34S)
Batting: RHB John Mayasich 0-0: Foul Ball, location: 2F
0-1: Foul Ball, location: 2F
0-2: Hit by Pitch
Batting: RHB Nigel Sturges 0-0: Called Strike
0-1: Ball
1-1: Called Strike
1-2: Grounds into double play, 4-6-3 (Groundball, 4)
Bottom of the 6th over - 0 runs, 0 hits, 0 errors, 0 left on base; Bethesda 3 - Long Island 2
TOP OF THE 7TH
Bethesda Atoms batting - Pitching for Long Island Seawolves : RHP David Perkins
Batting: LHB Manuel Márquez 0-0: Ball
1-0: Ball
2-0: Ball
3-0: Called Strike
3-1: Ground out 4-3 (Groundball, 4)
Batting: RHB Enrique Ibarra 0-0: Ball
1-0: Foul Ball, location: 2F
1-1: Ground out 6-3 (Groundball, 6)
Batting: LHB Thierry Honoré 0-0: Ball
1-0: Ball
2-0: DOUBLE (Line Drive, 9D)
Batting: LHB Gong Mao 0-0: Intentional Walk
Batting: LHB Pedro Corona 0-0: Ball
1-0: Swinging Strike
1-1: Ball
2-1: Swinging Strike
2-2: Ball
3-2: 3-RUN HOME RUN (Flyball, 9D), Distance : 344 ft
Pitching: RHP Caspar Irwin
Batting: LHB Sandor Addicks 0-0: Ball
1-0: Ball
2-0: Ball
3-0: Called Strike
3-1: Swinging Strike
3-2: Base on Balls
Batting: LHB Jorge Ortíz 0-0: Ball
1-0: Ball
2-0: Ball
3-0: Base on Balls
Sandor Addicks to second
Batting: RHB Raúl Francisco 0-0: Called Strike
0-1: Called Strike
0-2: Foul Ball, location: 2F
0-2: Ball
1-2: Ball
2-2: Strikes out swinging
Top of the 7th over - 3 runs, 2 hits, 0 errors, 2 left on base; Bethesda 6 - Long Island 2
BOTTOM OF THE 7TH
Long Island Seawolves batting - Pitching for Bethesda Atoms : LHP Dennis Bly
Batting: RHB Javier De La Garza 0-0: Ball
1-0: Ball
2-0: Foul Ball, location: 2F
2-1: SINGLE (Groundball, 4MD)
Batting: RHB Domingo Morín 0-0: Ball
1-0: Ball
2-0: Called Strike
2-1: Swinging Strike
2-2: Ball
3-2: Strikes out swinging
Javier De La Garza steals 2nd base
Batter strikes out.
Batting: SHB Mick Chaundy 0-0: Foul Ball, location: 2F
0-1: Ball
1-1: Swinging Strike
1-2: Ball
2-2: Fly out, F7 (Flyball, 7S)
Batting: SHB Cheong-hun Kang 0-0: Called Strike
0-1: Ball
1-1: Ball
2-1: Fly out, F5 (Line Drive, 56)
Bottom of the 7th over - 0 runs, 1 hit, 0 errors, 1 left on base; Bethesda 6 - Long Island 2
TOP OF THE 8TH
Bethesda Atoms batting - Pitching for Long Island Seawolves : RHP Caspar Irwin
Batting: RHB Vic Richards 0-0: Ball
1-0: Called Strike
1-1: Called Strike
1-2: SINGLE (Groundball, 4) (infield hit)
Batting: LHB Manuel Márquez 0-0: Bunted foul
0-1: Ball
1-1: Bunted foul
1-2: Ball
2-2: Foul Ball, location: 2F
2-2: Ball
3-2: Foul Ball, location: 2F
3-2: Fielders Choice at 2nd, 3-6 (Groundball, 34)
Batting: RHB Enrique Ibarra 0-0: Ball
1-0: Called Strike
1-1: Fly out, F8 (Line Drive, 8RM)
Batting: LHB Thierry Honoré 0-0: Called Strike
0-1: Called Strike
Manuel Márquez is caught stealing 2nd base
Top of the 8th over - 0 runs, 1 hit, 0 errors, 0 left on base; Bethesda 6 - Long Island 2
BOTTOM OF THE 8TH
Long Island Seawolves batting - Pitching for Bethesda Atoms : LHP Dennis Bly
Batting: RHB Taua Naituyaga 0-0: Ball
1-0: SINGLE (Line Drive, 4MD)
Batting: RHB John Shultz 0-0: Called Strike
0-1: Called Strike
0-2: Foul Ball, location: 2F
0-2: SINGLE (Groundball, 56D)
Taua Naituyaga to second
Batting: RHB Jorge Rodríguez 0-0: Ball
1-0: Foul Ball, location: 2F
1-1: Ball
2-1: Foul Ball, location: 2F
2-2: SINGLE (Flyball, 9S)
Taua Naituyaga to third
John Shultz to second
Batting: RHB John Mayasich 0-0: Ball
1-0: Ball
2-0: Foul Ball, location: 2F
2-1: Foul Ball, location: 2F
2-2: TRIPLE (Line Drive, 8LXD)
Taua Naituyaga scores
John Shultz scores
Jorge Rodríguez scores
Pitching: RHP Elias Ijzendoorn
Pinch Hitting: LHB Dennis Chase 0-0: Ball
1-0: Foul Ball, location: 2F
1-1: Swinging Strike
1-2: Ball
2-2: Foul Ball, location: 2F
2-2: Strikes out swinging
Batting: RHB Javier De La Garza 0-0: Ground out U3 (Groundball, 3)
Batting: RHB Domingo Morín 0-0: Foul Ball, location: 2F
0-1: Ball
1-1: Foul Ball, location: 2F
1-2: Strikes out looking
Bottom of the 8th over - 3 runs, 4 hits, 0 errors, 1 left on base; Bethesda 6 - Long Island 5
TOP OF THE 9TH
Bethesda Atoms batting - Pitching for Long Island Seawolves : RHP Caspar Irwin
Pitching: RHP Ben Lieske
Now at 1B: Dennis Chase
Batting: LHB Thierry Honoré 0-0: Called Strike
0-1: Ball
1-1: Ball
2-1: Swinging Strike
2-2: Strikes out swinging
Batting: LHB Gong Mao 0-0: Swinging Strike
0-1: Foul Ball, location: 2F
0-2: Strikes out swinging
Batting: LHB Pedro Corona 0-0: Ball
1-0: SOLO HOME RUN (Flyball, 9D), Distance : 339 ft
Batting: LHB Sandor Addicks 0-0: Ball
1-0: Swinging Strike
1-1: Ball
2-1: Ball
3-1: Foul Ball, location: 2F
3-2: Foul Ball, location: 2F
3-2: Base on Balls
Batting: LHB Jorge Ortíz 0-0: Called Strike
0-1: Ball
1-1: Ground out 3-1 (Groundball, 34S)
Top of the 9th over - 1 run, 1 hit, 0 errors, 1 left on base; Bethesda 7 - Long Island 5
BOTTOM OF THE 9TH
Long Island Seawolves batting - Pitching for Bethesda Atoms : RHP Elias Ijzendoorn
Batting: SHB Mick Chaundy 0-0: SINGLE (Flyball, 8RS)
Batting: SHB Cheong-hun Kang 0-0: Swinging Strike
0-1: Ball
1-1: Swinging Strike
1-2: Foul Ball, location: 2F
1-2: Ground out 4-3 (Groundball, 34D)
Mick Chaundy to second
Batting: RHB Taua Naituyaga 0-0: Fly out, F8 (Line Drive, 8RM)
Batting: RHB John Shultz 0-0: Ball
1-0: SINGLE (Groundball, 56) (infield hit)
Mick Chaundy to third
Batting: RHB Jorge Rodríguez 0-0: Ball
1-0: Ball
2-0: Fly out, F7 (Flyball, 7S)
Bottom of the 9th over - 0 runs, 2 hits, 0 errors, 2 left on base; Bethesda 7 - Long Island 5
Friday, March 29th, 2019 - OOTP Baseball 18.8 Build 76